 Dungeon Crawl Stone Soup version 0.18-a0-1312-gf98331d (webtiles) character file.

913 Sixotanaka the Chiller (level 7, -11/50 HPs)
             Began as a Demigod Ice Elementalist on Feb 14, 2016.
             Mangled by an orc warrior
             ... wielding a +2 morningstar of protection
              (29 damage)
             ... on level 6 of the Dungeon.
             The game lasted 00:22:00 (7222 turns).

Sixotanaka the Chiller (Demigod Ice Elementalist)   Turns: 7222, Time: 00:22:00

Health: -11/50     AC:  7    Str: 11    XL:     7   Next: 52%
Magic:  1/12       EV:  7    Int: 23    God:
Gold:   182        SH:  0    Dex: 16    Spells: 3 memorised, 2 levels left

rFire  . . .     SeeInvis .     h - +1 short sword (venom)
rCold  . . .     Gourm    .     D - +2 robe of Acvuigoz {rElec MR+ Regen+}
rNeg   . . .     Faith    .     (no shield)
rPois  .         Spirit   .     (no helmet)
rElec  +         Dismiss  .     u - +2 cloak {MR+}
rCorr  .         Reflect  .     (no gloves)
SustAt +         Harm     .     (no boots)
MR     ++...                    (no amulet)
Stlth  ++........               (no ring)
                                (no ring)

@: very slightly contaminated, very resistant to hostile enchantments,
unstealthy
A: high mp 1, sustain attributes
a: no special abilities


You were on level 6 of the Dungeon.
You were hungry.

You visited 1 branch of the dungeon, and saw 6 of its levels.
You also visited: Ossuary.

You collected 182 gold pieces.


Innate Abilities, Weirdness & Mutations

You have an increased reservoir of magic (+10% MP).
Your attributes are resistant to harm.


   Skills:
 - Level 1.7 Dodging
 - Level 1.7 Stealth
 - Level 1.7 Spellcasting
 - Level 4.1 Conjurations
 + Level 7.5 Ice Magic


You had 2 spell levels left.
You knew the following spells:

 Your Spells              Type           Power        Failure   Level  Hunger
c - Summon Ice Beast      Ice/Summ       ###.....     30%         4    #####..
x - Throw Frost           Conj/Ice       ####..       1%          2    ##.....
z - Freeze                Ice            ####         1%          1    #......


Dungeon Overview and Level Annotations

Branches:
Dungeon (6/15)
 Temple: D:4-7

Annotations:
D:3 exclusion: centaur, AnotherOne's ghost, amateur DECj
D:4 Shenaniganizer's ghost, amateur DsAK
D:6 AnotherOne's ghost, novice DECj

Inventory:

Hand Weapons
 h - a +1 short sword of venom (weapon)
   (You took it off a kobold on level 1 of the Dungeon)
Missiles
 l - 6 javelins (quivered)
Armour
 a - a +0 robe
 u - a +2 cloak of magic resistance (worn)
   (You found it on level 2 of the Dungeon)
 D - the +2 robe of Acvuigoz (worn) {rElec MR+ Regen+}
   (You took it off an orc on level 4 of the Dungeon)

   It insulates you from electricity.
   It affects your resistance to hostile enchantments.
   It increases your rate of regeneration.
Wands
 G - a wand of digging (18/24)
 I - a wand of paralysis (5/24)
Scrolls
 c - a scroll of enchant armour
 f - a scroll of remove curse {unknown}
 i - a scroll of recharging
 m - 4 scrolls of enchant weapon
 y - 2 scrolls of teleportation {@r4}
 B - 3 scrolls of immolation {!r}
 E - a scroll of amnesia {unknown}
 F - a scroll of random uselessness {unknown}
 H - a scroll of blinking {unknown}
 K - a scroll of fog {unknown}
 L - a scroll of vulnerability {unknown}
Potions
 e - 2 potions of ambrosia {!q}
 j - 2 potions of agility
 k - a potion of haste {unknown}
 n - 2 potions of lignification {unknown}
 o - 3 potions of resistance
 q - a potion of cancellation {unknown}
 r - a potion of mutation {unknown}
 s - 5 potions of curing {@q1}
 t - a potion of might {unknown}
 v - 2 potions of flight
 w - 3 potions of cure mutation
 x - a potion of degeneration {unknown}
 z - 2 potions of heal wounds {@q2}
 A - a potion of berserk rage
Books
 b - a book of Frost
Comestibles
 d - 4 meat rations
 g - a bread ration
 p - 3 fruits
 C - 6 chunks of flesh

...# #...# #...# # #...#
##### #.. #...# #...#
#..####...## ##...#
#........#####..####
#........@...>...#
##.#†..#..oo......#
####.##...#)..§......#
#...####..)..[.......# .
##..# #(##..........# ..
#.## #.##..........#
...##.####..##..........#
.#......##.#######...##.#
..###......# #..###.#


You could see an orc warrior and an orc.


Message History

You freeze the orc priest.
The orc priest hits you with a morningstar.
Casting: Freeze
Aiming: Freeze
Aim: an orc priest, wielding a morningstar and wearing a chain mail (severely wounded)
You freeze the orc priest. The orc priest closely misses you.
Casting: Freeze
Aiming: Freeze
Aim: an orc priest, wielding a morningstar and wearing a chain mail (almost dead)
You freeze the orc priest.
You kill the orc priest!
J - a scroll of identify {@r1}
Things that are here:
a morningstar; a chain mail
K - a scroll labeled WOCUL CEM TEOM Some of the chunks of flesh in your inventory have rotted away.
L - a scroll labeled QEEWEN SEHAED You start resting.
Read which item? (? for menu, Esc to quit)
Identify which item? (\ to view known items) (? for menu, Esc to quit)
As you read the scroll of identify {@r1}, it crumbles to dust.
o - 3 potions of resistance
There is a stone staircase leading down here.
An orc comes into view.
An orc warrior comes into view.
It is wielding a morningstar of protection.
An orc comes into view. It is wielding a mace.
The orc warrior shouts!
The orc shouts!
The orc shouts!
There is an escape hatch in the ceiling here.
Casting: Freeze A chill wind blows around you.
Casting: Summon Ice Beast You miscast Summon Ice Beast.
You are very lightly contaminated with residual magic.
You hear strange voices.
The orc warrior closely misses your ice beast.
Your ice beast completely misses the orc warrior.
Casting: Summon Ice Beast A chill wind blows around you.
Your ice beast closely misses the orc warrior.
The orc warrior hits your ice beast with a morningstar of protection!
The orc closely misses your ice beast.
Your ice beast misses the orc warrior.
Your ice beast hits the orc.
Your ice beast freezes the orc!
The orc dies!
The orc barely misses your ice beast.
The orc warrior hits your ice beast with a morningstar of protection!!
Your ice beast dies!
An orc comes into view. It is wielding a club.
Your ice beast hits the orc.
Your ice beast freezes the orc!
The orc dies!
Your ice beast barely misses the orc warrior.
Some of the chunks of flesh in your inventory have rotted away.
You hit the orc warrior but do no damage.
The orc warrior is poisoned.
Your ice beast hits the orc warrior but does no damage.
The orc warrior hits you with a morningstar of protection!
Your ice beast barely misses the orc warrior.
You hit the orc warrior but do no damage.
The orc warrior hits you with a morningstar of protection!
Your ice beast barely misses the orc warrior.
You are feeling hungry.
You hit the orc warrior but do no damage.
The orc warrior looks even sicker.
The orc warrior hits you with a morningstar of protection!!
* * * LOW HITPOINT WARNING * * *
Your ice beast hits the orc warrior but does no damage.
Your ice beast disappears in a puff of smoke!
The orc warrior hits you with a morningstar of protection!!
Ouch! That really hurt!
You die...

Action                   |  1- 3 |  4- 6 |  7- 9 || total
-------------------------+-------+-------+-------++-------
Melee: Spear             |    29 |       |       ||    29
       Short sword       |    30 |   152 |    37 ||   219
Throw: Javelin           |       |    11 |       ||    11
 Cast: Freeze            |    28 |    42 |    13 ||    83
       Throw Frost       |    13 |    29 |     4 ||    46
       Summon Ice Beast  |       |       |     2 ||     2
  Use: Scroll            |       |    12 |     1 ||    13
       Potion            |       |     2 |       ||     2
 Stab: Sleeping          |     8 |     2 |     2 ||    12
  Eat: Chunk             |     4 |     9 |     3 ||    16
       Beef jerky        |       |     2 |       ||     2
       Bread ration      |       |     1 |       ||     1
       Pizza             |       |     1 |       ||     1

Vault maps used:
D:1:      minmay_arrival_shoal_huts, solitary_fountain
D:2:      fedhas_altar_1, grunt_qazlal_sundering
D:3:      first_bread, serial_glass, glass_columns_b, glass_columns_b,
          kennysheep_jessica_study
D:4:      lemuel_blue_sif_altar, nicolae_dithmenos_the_darkroom,
          chequers_ossuary_entry_cave
D:6:      marbit_many_paths, bloody_trog
Ossuary:  ossuary_due_pyramid

Notes
Turn   | Place    | Note
--------------------------------------------------------------
     0 | D:1      | Sixotanaka the Demigod Ice Elementalist began the quest for the Orb.
     0 | D:1      | Reached XP level 1. HP: 14/14 MP: 5/5
   168 | D:1      | Reached skill level 3 in Ice Magic
   269 | D:1      | Reached XP level 2. HP: 18/20 MP: 7/7
   836 | D:2      | Found a stormy altar of Qazlal.
   914 | D:2      | Found a blossoming altar of Fedhas.
   943 | D:2      | Learned a level 2 spell: Throw Frost
  1021 | D:2      | Reached XP level 3. HP: 24/26 MP: 8/8
  1145 | D:2      | Reached skill level 1 in Conjurations
  1335 | D:2      | Reached skill level 4 in Ice Magic
  1695 | D:3      | Noticed a centaur
  1751 | D:3      | Reached skill level 2 in Conjurations
  1975 | D:3      | Reached XP level 4. HP: 33/33 MP: 2/9
  2247 | D:3      | Reached skill level 3 in Conjurations
  2409 | D:3      | Noticed Jessica
  2591 | D:3      | Killed Jessica
  2591 | D:3      | Reached XP level 5. HP: 38/38 MP: 7/10
  2725 | D:3      | Noticed AnotherOne's ghost (amateur DECj)
  2812 | D:4      | Found a shadowy altar of Dithmenos.
  2826 | D:4      | Reached skill level 4 in Conjurations
  3013 | D:4      | Found a sand-covered staircase.
  3021 | Ossuary  | Entered an ossuary
  3840 | Ossuary  | Learned a level 4 spell: Summon Ice Beast
  3950 | Ossuary  | HP: 8/38 [arrow trap (9)]
  4424 | Ossuary  | Noticed Menkaure
  4562 | Ossuary  | HP: 9/38 [arrow trap (11)]
  4575 | Ossuary  | HP: 3/38 [arrow trap (7)]
  4749 | Ossuary  | Killed Menkaure
  5145 | D:4      | Reached XP level 6. HP: 19/45 MP: 4/11
  5163 | D:4      | Got an ancient robe
  5174 | D:4      | Identified the +2 robe of Acvuigoz {rElec MR+ Regen+} (You took it off an orc on level 4 of the Dungeon)
  5265 | D:4      | Reached skill level 5 in Ice Magic
  5599 | D:4      | Noticed Shenaniganizer's ghost (amateur DsAK)
  6221 | D:5      | Entered Level 5 of the Dungeon
  6415 | D:5      | Reached skill level 6 in Ice Magic
  6572 | D:5      | Reached XP level 7. HP: 50/50 MP: 12/12
  7098 | D:6      | Noticed AnotherOne's ghost (novice DECj)
  7113 | D:6      | Reached skill level 7 in Ice Magic
  7222 | D:6      | Mangled by an orc warrior

Vanquished Creatures
  Menkaure (Ossuary)
  A centaur (D:6)
  A giant frog (D:6)
  3 scorpions
  3 orc priests
  A giant frog zombie (D:4)
  Jessica (D:3)
  5 orc wizards
  2 iguanas
  2 worker ants
  A mummy (Ossuary)
  8 adders
  An ooze (D:3)
  2 worms (D:3)
  7 giant geckos
  23 orcs
  9 bats
  2 giant cockroaches (D:2)
  6 gnoll zombies (Ossuary)
  7 goblins
  8 hobgoblins
  6 jackals
  2 quokkas
  3 ball pythons
  A giant cockroach zombie (D:5)
  5 giant newts
  3 gnoll skeletons (Ossuary)
  A goblin zombie (Ossuary)
  2 hobgoblin zombies (Ossuary)
  4 kobolds
  3 kobold zombies (Ossuary)
  An orc skeleton (Ossuary)
  An orc zombie (Ossuary)
  A quokka skeleton (D:5)
  A quokka zombie (D:5)
  5 rats
  2 rat skeletons (Ossuary)
  2 rat zombies (Ossuary)
137 creatures vanquished.

Vanquished Creatures (collateral kills)
  2 orcs (D:6)
2 creatures vanquished.

Vanquished Creatures (others)
  2 mummies (Ossuary)
  A gnoll skeleton (Ossuary)
  5 goblin skeletons (Ossuary)
  A goblin zombie (Ossuary)
  4 hobgoblin skeletons (Ossuary)
  4 hobgoblin zombies (Ossuary)
  2 kobold skeletons (Ossuary)
  2 kobold zombies (Ossuary)
  5 orc skeletons (Ossuary)
  2 orc zombies (Ossuary)
  2 rat skeletons (Ossuary)
  A rat zombie (Ossuary)
31 creatures vanquished.

Grand Total: 170 creatures vanquished
